 Dungeon Crawl Stone Soup version 0.25.1-2-g60ff931df9 (webtiles) character file.

Game seed: 12040505279459239384

105 Almogavar the Poker (level 4, -2/34 HPs)
             Began as a Merfolk Gladiator on Sept 1, 2020.
             Slain by a water moccasin (9 damage)
             ... on level 3 of the Dungeon.
             The game lasted 00:08:35 (2385 turns).

Almogavar the Poker (Merfolk Gladiator)             Turns: 2385, Time: 00:08:36

Health: -2/34      AC:  4    Str: 14    XL:     4   Next: 83%
Magic:  4/4        EV: 14    Int:  7    God:
Gold:   125        SH:  0    Dex: 16    Spells: 3/3 levels left

rFire    . . .     SeeInvis .   a - +0 trident
rCold    . . .     Gourm    .   (no shield)
rNeg     . . .     Faith    .   b - +0 leather armour
rPois    .         Spirit   .   c - +0 helmet
rElec    .         Reflect  .   h - scarf {+Inv}
rCorr    .         Harm     .   (no gloves)
MR       .....                  (no boots)
Stlth    +.........             (no amulet)
HPRegen  0.11/turn              (no ring)
MPRegen  0.09/turn              (no ring)

@: lethally poisoned (-2 -> -16)
A: change form in water, swift swim, stealthy swim
a: Evoke Invisibility


You were on level 3 of the Dungeon.
You were not hungry.

You visited 1 branch of the dungeon, and saw 3 of its levels.

You collected 125 gold pieces.

Inventory:

Hand Weapons
 a - a +0 trident (weapon)
Missiles
 d - 3 throwing nets (quivered)
Armour
 b - a +0 leather armour (worn)
 c - a +0 helmet (worn)
 h - a scarf of invisibility (worn)
Scrolls
 l - a scroll of identify
Potions
 e - a potion of heal wounds
 i - 2 potions of curing
 k - a potion of lignification
Comestibles
 f - 4 rations
 g - 2 chunks of flesh


   Skills:
 + Level 2.6 Fighting
 + Level 6.4 Polearms
 + Level 2.0 Throwing
 + Level 1.1 Armour
 + Level 4.7 Dodging
 + Level 0.1 Stealth


You had 3 spell levels left.
You didn't know any spells.
Your spell library was empty.

Dungeon Overview and Level Annotations

Branches:
Dungeon (3/15)

Altars:

Portals:
Sewer: D:3


Message History

You feel sick. The water moccasin closely misses you.
The water moccasin barely misses you.
You barely miss the water moccasin.
The water moccasin is lightly wounded.
You feel sick. The water moccasin closely misses you.
The giant cockroach waves its antennae.
You barely miss the water moccasin.
The water moccasin is lightly wounded.
* * * LOW HITPOINT WARNING * * *
You feel sick. The water moccasin misses you. The water moccasin bites you.
* * * LOW HITPOINT WARNING * * *
You puncture the water moccasin!
The water moccasin is moderately wounded.
* * * LOW HITPOINT WARNING * * *
You feel sick. The water moccasin barely misses you.
You hit the water moccasin.
The water moccasin is moderately wounded.
* * * LOW HITPOINT WARNING * * *
You feel sick. The water moccasin bites you!
You die...

*......#......#
*,,,,*
*,*#....#.....#
******
*,*#........#.#
*******,*#........#.#
,,,,,,,,*#.....####.#
******,**#####.# #.#
*,** #<# #.# *,,*
########.#
***,***#.rsS@.(.#
*,,,......r######
*,,,.......*
*,,,≈≈≈....*
*,,≈≈≈≈≈...*
*,,≈≈∩≈≈...*
*,,≈≈≈≈≈..#*
*****,,,≈≈≈r..*
,,,,,,,,,,,,,,*


You could see a water moccasin, a river rat, a giant cockroach and a rat.

Vanquished Creatures
  3 gnolls
  2 adders (D:1)
  2 worms
  2 dart slugs (D:2)
  4 bats
  A giant cockroach (D:2)
  3 goblins (D:1)
  8 hobgoblins
  11 jackals
  7 kobolds
  4 rats
47 creatures vanquished.

Notes
Turn   | Place    | Note
-------+----------+-------------------------------------------
     0 | D:1      | Almogavar the Merfolk Gladiator began the quest for the
                  | Orb.
     0 | D:1      | Reached XP level 1. HP: 16/16 MP: 1/1
   326 | D:1      | Reached XP level 2. HP: 22/22 MP: 2/2
   358 | D:1      | Reached skill level 5 in Polearms
   966 | D:1      | Reached XP level 3. HP: 17/28 MP: 3/3
  1316 | D:1      | Reached skill level 6 in Polearms
  1316 | D:1      | Reached XP level 4. HP: 22/34 MP: 4/4
  2011 | D:2      | Reached skill level 1 in Armour
  2373 | D:3      | Found a glowing drain.
  2374 | D:3      | Noticed a water moccasin
  2385 | D:3      | Slain by a water moccasin

Illustrated notes

Levels and vault maps discovered:
D:1:      heliophobic_arrival_ceremonial_halls, layout_loops_ring,
          chequers_serial_rivers_micro_e
D:2:      layout_rooms
D:3:      layout_basic, first_ration, portal_sewer_entry_a

Skill      XL: |  1  2  3  4 |
---------------+-------------+-----
Polearms       | 5 6 |  6.4
Armour         | 1 |  1.1
Fighting       | |  2.6
Throwing       | |  2.0
Dodging        | |  4.7
Stealth        | |  0.1

Action                   |  1- 3 |  4- 6 || total
-------------------------+-------+-------++-------
Melee: Trident           |    98 |    95 ||   193
  Use: Scroll            |     4 |     1 ||     5
 Stab: Sleeping          |       |     1 ||     1
  Eat: Chunk             |     1 |     4 ||     5
Armor: Leather armour    |    23 |    22 ||    45
Dodge: Dodged            |   102 |    71 ||   173
